 Dungeon Crawl Stone Soup version 0.27-a0-1278-g6cbc8dfb29 (webtiles) character file.

Game seed: 7041457804247746060

729 bande the Shield-Bearer (level 7, -4/44 HPs)
             Began as a Gargoyle Fighter on June 12, 2021.
             Slain by a killer bee (7 damage)
             ... on level 5 of the Dungeon.
             The game lasted 00:06:48 (6022 turns).

bande the Shield-Bearer (Gargoyle Fighter)          Turns: 6022, Time: 00:06:48

Health: -4/44      AC: 15    Str: 21    XL:     7   Next: 73%
Magic:  7/7        EV:  6    Int:  8    God:
Gold:   1381       SH: 10    Dex: 10    Spells: 6/6 levels left

rFire    . . .     SeeInvis .   a - +0 war axe (freeze)
rCold    . . .     Faith    .   c - +0 kite shield
rNeg     + . .     Spirit   .   j - +0 chain mail
rPois    ∞         Reflect  .   (no helmet)
rElec    +         Harm     .   h - +0 cloak
rCorr    .         Rampage  .   (no gloves)
Will     .....                  (no boots)
Stlth    ..........             (no amulet)
HPRegen  0.14/turn              (no ring)
MPRegen  0.10/turn              (no ring)

@: no status effects
A: sickness immunity, AC +4, negative energy resistance 1, electricity
resistance, torment resistance 1, petrification resistance
a: no special abilities


You were on level 5 of the Dungeon.
You visited 1 branch of the dungeon, and saw 5 of its levels.

You collected 1381 gold pieces.

Inventory:

Hand Weapons
 a - a +0 war axe of freezing (weapon)
 b - a +0 flail
Armour
 c - a +0 kite shield (worn)
 h - a +0 cloak (worn)
 j - a +0 chain mail (worn)
Wands
 g - a wand of flame (17)
Scrolls
 e - 2 scrolls of teleportation
 f - a scroll of blinking
 i - 2 scrolls of identify
Potions
 d - a potion of flight
 k - a potion of magic


   Skills:
 + Level 4.6 Fighting
 + Level 5.0 Axes
 + Level 5.2 Armour
 + Level 0.8 Dodging
 + Level 5.4 Shields


You had 6 spell levels left.
You didn't know any spells.
Your spell library contained the following spells:

 Spells                   Type           Power      Damage    Failure   Level
 Summon Small Mammal      Summ           0%         N/A       100%        1
 Call Imp                 Summ           0%         N/A       100%        2
 Call Canine Familiar     Summ           0%         N/A       100%        3
 Confusing Touch          Hex            0%         N/A       100%        3
 Gell's Gravitas          Tloc           0%         N/A       100%        3
 Summon Guardian Golem    Hex/Summ       0%         N/A       100%        3
 Petrify                  Tmut/Erth      0%         N/A       100%        4
 Summon Ice Beast         Ice/Summ       0%         N/A       100%        4
 Summon Lightning Spire   Summ/Air       0%         N/A       100%        4
 Metabolic Englaciation   Hex/Ice        0%         N/A       100%        5
 Yara's Violent Unravell  Hex/Tmut       0%         3d3       100%        5


Dungeon Overview and Level Annotations

Branches:
Dungeon (5/15)
 Temple: D:4-7

Altars:
Dithmenos
Makhleb
Zin

Shops:
D:1 ?   D:4 ?


Innate Abilities, Weirdness & Mutations

You are immune to sickness and miasma.
Your stone body is resilient. (AC +4)
You are immune to poison.
You resist negative energy. (rN+)
You are resistant to electric shocks. (rElec)
You are resistant to unholy torment.
You are immune to petrification.


Message History

You kill the killer bee!
You block the killer bee's attack.
You miss the killer bee.
The killer bee stings you but does no damage. x2
You block the killer bee's attack.
Your shield and chain mail prevent you from hitting the killer bee.
The killer bee stings you but does no damage.
The killer bee closely misses you. The killer bee barely misses you.
You miss the killer bee.
The killer bee stings you but does no damage.
You block the killer bee's attack. The killer bee stings you.
* * * LOW HITPOINT WARNING * * *
You miss the killer bee. You block the killer bee's attack. x2
The killer bee barely misses you.
You miss the killer bee.
The killer bee stings you but does no damage.
The killer bee barely misses you.
The killer bee stings you but does no damage.
You barely miss the killer bee. You block the killer bee's attack.
The killer bee stings you.
* * * LOW HITPOINT WARNING * * *
You block the killer bee's attack.
You miss the killer bee. The killer bee stings you.
* * * LOW HITPOINT WARNING * * *
The killer bee stings you but does no damage.
You block the killer bee's attack.
Okay, then.
You barely miss the killer bee.
The killer bee stings you but does no damage.
You block the killer bee's attack. x2
You miss the killer bee. You block the killer bee's attack.
The killer bee stings you but does no damage.
You closely miss the killer bee. You block the killer bee's attack.
The killer bee barely misses you. You block the killer bee's attack.
You miss the killer bee.
The killer bee stings you but does no damage.
The killer bee barely misses you. You block the killer bee's attack.
You barely miss the killer bee. You block the killer bee's attack. x2
The killer bee stings you!
You die...

#.. ... #..
#.. #.. #..
#..######
#...y@..#
.......####.#
#####.. #.#
##. #.# #y
#.# #y #.# #y
#.# #y #.#
#.#


You could see a killer bee.

Vanquished Creatures
  Menkaure (D:5)
  An ogre (D:4)
  A wyvern skeleton (D:5)
  5 killer bees (D:5)
  A hound (D:4)
  2 iguanas
  Robin (D:3)
  A howler monkey skeleton (D:4)
  5 adders
  An ufetubus (D:5)
  4 worms
  A dart slug (D:1)
  2 orcs
  10 ball pythons
  3 endoplasms
  2 giant cockroaches
  16 goblins
  10 hobgoblins
  6 jackals
  A quokka (D:2)
  A bat (D:1)
  4 frilled lizards
  A jackal skeleton (D:4)
  4 kobolds
  6 rats
90 creatures vanquished.

Notes
Turn   | Place    | Note
-------+----------+-------------------------------------------
     0 | D:1      | bande the Gargoyle Fighter began the quest for the Orb.
     0 | D:1      | Reached XP level 1. HP: 14/14 MP: 1/1
   199 | D:1      | Found Paatul's Magic Scroll Emporium.
   666 | D:1      | Reached XP level 2. HP: 17/19 MP: 2/2
  1219 | D:2      | Reached XP level 3. HP: 23/23 MP: 3/3
  1413 | D:2      | Reached XP level 4. HP: 10/28 MP: 4/4
  2674 | D:3      | Noticed Robin
  2689 | D:3      | Reached XP level 5. HP: 12/33 MP: 5/5
  2698 | D:3      | Killed Robin
  3533 | D:3      | Found a faded altar of an unknown god.
  4110 | D:4      | Identified a scroll of acquirement
  4110 | D:4      | Acquired 1195 gold pieces
  4192 | D:4      | Found a shadowy altar of Dithmenos.
  4248 | D:4      | Noticed an ogre
  4266 | D:4      | Killed an ogre
  4267 | D:4      | Reached XP level 6. HP: 10/38 MP: 6/6
  4724 | D:4      | Found Usatich's Magic Scroll Emporium.
  5019 | D:5      | Entered Level 5 of the Dungeon
  5025 | D:5      | Found a burning altar of Makhleb.
  5168 | D:5      | Found a glowing silver altar of Zin.
  5168 | D:5      | Noticed an angel
  5169 | D:5      | Noticed an Executioner
  5237 | D:5      | Noticed Menkaure
  5247 | D:5      | Killed Menkaure
  5248 | D:5      | Reached XP level 7. HP: 25/44 MP: 7/7
  5985 | D:5      | Reached skill level 5 in Shields
  5994 | D:5      | Reached skill level 5 in Armour
  6005 | D:5      | Reached skill level 5 in Axes
  6017 | D:5      | HP: 2/44 [killer bee (4)]
  6022 | D:5      | Slain by a killer bee

Illustrated notes

Levels and vault maps discovered:
D:1:      roderic_crossed_star, layout_loops_ring, serial_shops,
          nicolae_shop_statue_plus, chequers_decorated_corner
D:2:      layout_basic, kennysheep_generic_room_11
D:3:      layout_basic, ebering_ecumenical_altar_hall, uniq_robin
D:4:      layout_rooms, nicolae_dithmenos_the_darkroom, serial_shops, shop,
          kennysheep_doodads, minmay_unequal
D:5:      layout_loops_ring, grunt_temple_overflow_order_and_chaos_2,
          supply_closet_lemuel, uniq_menkaure

Skill      XL: |  1  2  3  4  5  6  7 |
---------------+----------------------+-----
Axes           | 2 3 4 5 |  5.0
Shields        | 4 5 |  5.4
Armour         | 4 5 |  5.2
Fighting       | 4 |  4.6
Dodging        | |  0.8

Action                   |  1- 3 |  4- 6 |  7- 9 || total
-------------------------+-------+-------+-------++-------
Melee: War axe           |    82 |   173 |    52 ||   307
  Use: Scroll            |       |    11 |       ||    11
       Potion            |       |     1 |     1 ||     2
Armor: Scale mail        |    44 |    18 |       ||    62
       Chain mail        |       |   103 |    45 ||   148
Dodge: Dodged            |    26 |    50 |    20 ||    96
Block: Kite shield       |    41 |   112 |    52 ||   205

Table legend: (Time is in decaauts)
 A = Elapsed time spent in this place.
 B = Non-inter-level travel time spent in this place.
 C = Inter-level travel time spent in this place.
 D = Time resting spent in this place.
 E = Time spent auto-exploring this place.
 F = Levels seen in this place.
 G = Mean time per level.
                   A        B        C        D        E       F      G
               +--------+--------+--------+--------+--------+-----+--------+
         Total |   6190 |   6022 |    168 |   2127 |   2994 |   5 | 1238.0 |
       Dungeon |   6190 |   6022 |    168 |   2127 |   2994 |   5 | 1238.0 |
               +--------+--------+--------+--------+--------+-----+--------+

Top non-repeatable levels by time:
     D:3: 1839 daAuts
     D:2: 1301 daAuts
     D:5: 1039 daAuts
     D:1: 1038 daAuts
     D:4: 971 daAuts
